 Dungeon Crawl Stone Soup version 0.25-a0-869-g05d4e06a41 (console) character file.

Game seed: 3366114476818792950, levelgen mode: classic

63 Duffy the Shield-Bearer (level 3, -9/33 HPs)
             Began as a Deep Dwarf Fighter on May 1, 2020.
             Mangled by Crazy Yiuf
             ... wielding a +2 quarterstaff of chaos
              (19 damage)
             ... on level 2 of the Dungeon.
             The game lasted 00:02:10 (1216 turns).

Duffy the Shield-Bearer (Deep Dwarf Fighter)        Turns: 1216, Time: 00:02:11

Health: -9/33      AC:  6    Str: 19    XL:     3   Next: 87%
Magic:  2/4        EV:  7    Int:  9    God:
Gold:   19         SH:  9    Dex: 12    Spells: 2/2 levels left

rFire    . . .     SeeInvis .   a - +0 war axe
rCold    . . .     Gourm    .   c - +0 kite shield
rNeg     . . .     Faith    .   b - +0 scale mail
rPois    .         Spirit   .   (no helmet)
rElec    .         Reflect  .   (no cloak)
rCorr    .         Harm     .   (no gloves)
MR       .....                  (no boots)
Stlth    ..........             (no amulet)
HPRegen  0.00/turn              (no ring)
MPRegen  0.09/turn              (no ring)

@: non-regenerating
A: damage resistance, heal wounds, sense surroundings 1, no regeneration
a: Heal Wounds


You were on level 2 of the Dungeon.
You were not hungry.

You visited 1 branch of the dungeon, and saw 2 of its levels.

You collected 19 gold pieces.

Inventory:

Hand Weapons
 a - a +0 war axe (weapon)
Armour
 b - a +0 scale mail (worn)
 c - a +0 kite shield (worn)
Wands
 l - a wand of acid (4)
Scrolls
 h - a scroll of noise {unknown}
 i - 2 scrolls of magic mapping {unknown}
 m - a scroll of fear {unknown}
 o - a scroll of remove curse {unknown}
Potions
 d - a potion of might
 e - 2 potions of brilliance {unknown}
 g - a potion of curing {unknown}
 j - a potion of haste {unknown}
 k - 2 potions of heal wounds {unknown}
 n - a potion of degeneration {unknown}
Comestibles
 f - 3 rations
 p - 2 chunks of flesh


   Skills:
 - Level 2.6 Fighting
 + Level 3.4 Axes
 - Level 3.2 Armour
 + Level 4.2 Shields
 + Level 1.5 Evocations


You had 2 spell levels left.
You didn't know any spells.
Your spell library was empty.

Dungeon Overview and Level Annotations

Branches:
Dungeon (2/15)

Altars:

Annotations:
D:2 Crazy Yiuf


Innate Abilities, Weirdness & Mutations

You are resistant to damage.
You can heal yourself by infusing magical energy.
You passively map a small area around you.
You do not regenerate.


Message History

Crazy Yiuf shouts!
You open the door.
Evoke which item? (* to show all) (? for menu, Esc to quit)
Aiming: Corrosive Bolt
Press: ? - help, Shift-Dir - straight line, f - Crazy Yiuf
Aim: Crazy Yiuf, wielding a +2 quarterstaff of chaos and wearing a +0 cloak The bolt of acid hits Crazy Yiuf.
Crazy Yiuf is splashed with acid.
The acid corrodes Crazy Yiuf!
Crazy Yiuf is heavily wounded.
Crazy Yiuf hits you with a +2 quarterstaff of chaos.
You feel your power leaking away.
Evoke which item? (* to show all) (? for menu, Esc to quit)
Aiming: Corrosive Bolt
Press: ? - help, Shift-Dir - straight line, f/p - Crazy Yiuf
Aim: Crazy Yiuf, wielding a +2 quarterstaff of chaos and wearing a +0 cloak (heavily wounded, covered in acid)
The bolt of acid misses Crazy Yiuf.
Crazy Yiuf hits you with a +2 quarterstaff of chaos.
You are electrocuted!!
Ouch! That really hurt!
You die...

.....#### #.....#......#..#####.
##.#....#########..#########..####.
#.####............# ##........
##..################ #......7~.
.....#### ##...P~~~. .%7.....#
77777###....~~~P .....##...* ###
777.7..#.##.##7.~# ##..## ..
#...#7..7......#.# ##.# ##.## *#
#...g@7777.......# #.# .#.# #)..#77
77.#....# ..# ...# ###* 77####.#*
#### #.#* #.# ** #.# #.# .# * *


You could see Crazy Yiuf.

Vanquished Creatures
  2 adders (D:2)
  3 dart slugs
  3 bats (D:1)
  2 giant cockroaches (D:2)
  4 goblins
  5 hobgoblins
  3 jackals (D:1)
  6 kobolds
  5 frilled lizards
  5 rats (D:1)
38 creatures vanquished.

Notes
Turn   | Place    | Note
-------+----------+-------------------------------------------
     0 | D:1      | Duffy the Deep Dwarf Fighter began the quest for the Orb.
     0 | D:1      | Reached XP level 1. HP: 20/20 MP: 1/1
   138 | D:1      | Reached XP level 2. HP: 22/27 MP: 2/2
   440 | D:1      | Reached skill level 4 in Shields
   530 | D:1      | Reached XP level 3. HP: 25/33 MP: 3/3
   985 | D:2      | Reached skill level 1 in Evocations
  1210 | D:2      | Found a runed translucent door.
  1211 | D:2      | Noticed Crazy Yiuf
  1216 | D:2      | Mangled by Crazy Yiuf

Levels and vault maps discovered:
D:1:      nzn_arrival_water_spiral, layout_basic
D:2:      layout_rooms, serial_bayou, serial_bayou_pond_c, serial_bayou_pond_d,
          serial_bayou_pond_d, serial_bayou_lake_a, serial_bayou_pond_d,
          minivault_11, minmay_misc_feat_five, chequers_big_river,
          grunt_ministairs_15, small_statue_intersection,
          uniq_crazy_yiuf_cottage

Skill      XL: |  1  2  3 |
---------------+----------+-----
Axes           | 3 |  3.4
Shields        | 4 |  4.2
Evocations     | 1 |  1.5
Fighting       | |  2.6
Armour         | |  3.2

Action                   || total
-------------------------++-------
Melee: War axe           ||   106
Evoke: Wand              ||     3
  Eat: Chunk             ||     1
Armor: Scale mail        ||    35
Dodge: Dodged            ||    28
Block: Kite shield       ||    54

Table legend:
 A = Non-vault XP
 B = Vault XP
 C = Vault XP percentage of total XP
 D = Non-vault monster count
 E = Vault monster count
 F = Vault count percentage of total count
                 A         B        C        D         E       F
            +---------+---------+-------+---------+---------+-------
      Total |      87 |       3 |   3.3 |      36 |       2 |   5.3
            +---------+---------+-------+---------+---------+-------
        D:1 |      44 |       0 |   0.0 |      26 |       0 |   0.0
        D:2 |      43 |       3 |   6.5 |      10 |       2 |  16.7
            +---------+---------+-------+---------+---------+-------
